TOP OF THE 1ST |
---|
Missouri Tigers batting - Pitching for Xavier Musketeers : RHP Frank Phillips | Pitching: RHP Frank Phillips | | Batting: LHB Julián Echevarría | 0-0: Called Strike 0-1: Called Strike 0-2: Ball 1-2: Ball 2-2: Strikes out looking | Batting: RHB Beau McNeill | 0-0: Swinging Strike 0-1: Called Strike 0-2: Foul Ball, location: 2F 0-2: Ball 1-2: Strikes out swinging | Batting: RHB Harvey Willis | 0-0: Foul Ball, location: 2F 0-1: Called Strike 0-2: Foul Ball, location: 2F 0-2: Ball 1-2: Ball 2-2: Foul Ball, location: 2F 2-2: Ball 3-2: Foul Ball, location: 2F 3-2: Foul Ball, location: 2F 3-2: Base on Balls | Batting: SHB Brian Fish | 0-0: Ball 1-0: Ball 2-0: Ball 3-0: Base on Balls Harvey Willis to second | Batting: SHB Marcos Cruz | 0-0: Ball 1-0: Ball 2-0: Called Strike 2-1: Ground out 3-1 (Groundball, 34S) | Top of the 1st over - 0 runs, 0 hits, 0 errors, 2 left on base; Missouri 0 - Xavier 0 | BOTTOM OF THE 1ST |
---|
Xavier Musketeers batting - Pitching for Missouri Tigers : RHP Júlio Cruz | Pitching: RHP Júlio Cruz | | Batting: LHB Jorge González | 0-0: Called Strike 0-1: Fly out, F7 (Flyball, 7D) | Batting: RHB Edmund Kline | 0-0: Ball 1-0: Ball 2-0: SINGLE (Flyball, 89M) | Batting: SHB Orlando Lópes | 0-0: Called Strike 0-1: Foul Ball, location: 2F 0-2: Ball 1-2: Fly out, F7 (Flyball, 7) | Batting: LHB Bobby Ryan | 0-0: Foul Ball, location: 2F 0-1: Ball 1-1: Foul Ball, location: 2F 1-2: Foul Ball, location: 2F 1-2: SINGLE (Flyball, 9S) Edmund Kline to second Runner from 2nd tries for 3rd, SAFE, throw made to third | Batting: RHB Floyd Reynolds | 0-0: Fly out, F4 (Line Drive, 34) | Bottom of the 1st over - 0 runs, 2 hits, 0 errors, 2 left on base; Missouri 0 - Xavier 0 | TOP OF THE 2ND |
---|
Missouri Tigers batting - Pitching for Xavier Musketeers : RHP Frank Phillips | Batting: RHB Chet Mitchell | 0-0: Ground out 5-3 (Groundball, 56) | Batting: RHB Jack Robinson | 0-0: Ground out 4-3 (Groundball, 34) | Batting: RHB Broderick Banks | 0-0: Called Strike 0-1: Ball 1-1: Ball 2-1: Foul Ball, location: 2F 2-2: Ball 3-2: Base on Balls | Batting: SHB David Castaneda | 0-0: Ground out 4-3 (Groundball, 34D) | Top of the 2nd over - 0 runs, 0 hits, 0 errors, 1 left on base; Missouri 0 - Xavier 0 | BOTTOM OF THE 2ND |
---|
Xavier Musketeers batting - Pitching for Missouri Tigers : RHP Júlio Cruz | Batting: RHB Curt Lloyd | 0-0: Ball 1-0: Called Strike 1-1: Foul Ball, location: 2F 1-2: Fly out, F7 (Line Drive, 7) | Batting: LHB Duncan Sharp | 0-0: Called Strike 0-1: SINGLE (Line Drive, 78S) | Batting: RHB Albert Smedley | 0-0: Called Strike 0-1: Foul Ball, location: 2F 0-2: Foul Ball, location: 2F 0-2: 2-RUN HOME RUN (Flyball, 89XD), Distance : 403 ft | Batting: LHB Johnny Beach | 0-0: Ground out 4-3 (Groundball, 34D) | Batting: LHB Jorge González | 0-0: Called Strike 0-1: Foul Ball, location: 2F 0-2: Ground out 4-3 (Groundball, 4M) | Bottom of the 2nd over - 2 runs, 2 hits, 0 errors, 0 left on base; Missouri 0 - Xavier 2 | TOP OF THE 3RD |
---|
Missouri Tigers batting - Pitching for Xavier Musketeers : RHP Frank Phillips | Batting: LHB Julián Echevarría | 0-0: Foul Ball, location: 2F 0-1: Foul Ball, location: 2F 0-2: Ball 1-2: Strikes out swinging | Batting: RHB Beau McNeill | 0-0: Fly out, F7 (Line Drive, 7) | Batting: RHB Harvey Willis | 0-0: Foul Ball, location: 2F 0-1: Called Strike 0-2: Foul Ball, location: 2F 0-2: SINGLE (Groundball, 34D) | Batting: SHB Brian Fish | 0-0: Ball 1-0: Ball 2-0: Called Strike 2-1: Ball 3-1: Called Strike 3-2: Strikes out looking | Top of the 3rd over - 0 runs, 1 hit, 0 errors, 1 left on base; Missouri 0 - Xavier 2 | BOTTOM OF THE 3RD |
---|
Xavier Musketeers batting - Pitching for Missouri Tigers : RHP Júlio Cruz | Batting: RHB Edmund Kline | 0-0: Ball 1-0: Ball 2-0: Ball 3-0: Base on Balls | Batting: SHB Orlando Lópes | 0-0: Called Strike 0-1: Ball 1-1: Ball 2-1: Ball 3-1: Base on Balls Edmund Kline to second | Batting: LHB Bobby Ryan | 0-0: Foul Ball, location: 2F Error on foul ball, E7 0-2: Foul Ball, location: 2F 0-2: Grounds into double play, 3-6-3 (Groundball, 34) Edmund Kline to third | Batting: RHB Floyd Reynolds | 0-0: Called Strike 0-1: Ball 1-1: Ball 2-1: SINGLE (Groundball, 4MD) Edmund Kline scores | Batting: RHB Curt Lloyd | 0-0: Ball 1-0: Foul Ball, location: 2F 1-1: Foul Ball, location: 2F 1-2: Ball 2-2: Ball 3-2: Base on Balls Floyd Reynolds to second | Batting: LHB Duncan Sharp | 0-0: Ball 1-0: Called Strike 1-1: Called Strike 1-2: Ball 2-2: Ball 3-2: Base on Balls Floyd Reynolds to third Curt Lloyd to second | Batting: RHB Albert Smedley | 0-0: Called Strike 0-1: SINGLE (Groundball, 6D) Floyd Reynolds scores Curt Lloyd to third Duncan Sharp to second Runner from 3rd tries for Home, SAFE, no throw | Batting: LHB Johnny Beach | 0-0: Called Strike 0-1: Ball 1-1: Foul Ball, location: 2F 1-2: Ball 2-2: Ball 3-2: Foul Ball, location: 2F 3-2: Strikes out swinging | Bottom of the 3rd over - 3 runs, 2 hits, 1 error, 2 left on base; Missouri 0 - Xavier 5 | TOP OF THE 4TH |
---|
Missouri Tigers batting - Pitching for Xavier Musketeers : RHP Frank Phillips | Batting: SHB Marcos Cruz | 0-0: Ball 1-0: Ball 2-0: Called Strike 2-1: Ball 3-1: Called Strike 3-2: Fly out, F4 (Popup, 4D) | Batting: RHB Chet Mitchell | 0-0: Ball 1-0: Called Strike 1-1: Ball 2-1: Foul Ball, location: 2F 2-2: Foul Ball, location: 2F 2-2: Foul Ball, location: 2F 2-2: SOLO HOME RUN (Line Drive, 7LD), Distance : 344 ft | Batting: RHB Jack Robinson | 0-0: Foul Ball, location: 2F 0-1: Ball 1-1: Fly out, F9 (Flyball, 9) | Batting: RHB Broderick Banks | 0-0: Ball 1-0: Called Strike 1-1: Called Strike 1-2: Foul Ball, location: 2F 1-2: Ball 2-2: Strikes out looking | Top of the 4th over - 1 run, 1 hit, 0 errors, 0 left on base; Missouri 1 - Xavier 5 | BOTTOM OF THE 4TH |
---|
Xavier Musketeers batting - Pitching for Missouri Tigers : RHP Júlio Cruz | Batting: LHB Jorge González | 0-0: Called Strike 0-1: Ball 1-1: SOLO HOME RUN (Flyball, 9D), Distance : 361 ft | Pitching: LHP Alfonso Cardenas | | Batting: RHB Edmund Kline | 0-0: Called Strike 0-1: Ball 1-1: Called Strike 1-2: Ball 2-2: Ground out 6-3 (Groundball, 6) | Batting: SHB Orlando Lópes | 0-0: SINGLE (Flyball, 89S) - OUT at second base trying to stretch hit. | Batting: LHB Bobby Ryan | 0-0: Ball 1-0: Foul Ball, location: 2F 1-1: Ball 2-1: SOLO HOME RUN (Flyball, 9LD), Distance : 353 ft | Batting: RHB Floyd Reynolds | 0-0: Ball 1-0: SINGLE (Groundball, 3S) (infield hit) | Batting: RHB Curt Lloyd | 0-0: Ball 1-0: Ball 2-0: Called Strike 2-1: Ball 3-1: Foul Ball, location: 2F 3-2: Fly out, F7 (Flyball, 7S) | Bottom of the 4th over - 2 runs, 4 hits, 0 errors, 1 left on base; Missouri 1 - Xavier 7 | TOP OF THE 5TH |
---|
Missouri Tigers batting - Pitching for Xavier Musketeers : RHP Frank Phillips | Batting: SHB David Castaneda | 0-0: Foul Ball, location: 2F 0-1: Ball 1-1: Called Strike 1-2: DOUBLE (Line Drive, 7LM) | Batting: LHB Julián Echevarría | 0-0: Fly out, F7 (Flyball, 7D) | Batting: RHB Beau McNeill | 0-0: Ball 1-0: Foul Ball, location: 2F 1-1: Ground out 4-3 (Groundball, 4S) David Castaneda to third | Pitching: RHP Harrison Dillon | | Batting: RHB Harvey Willis | 0-0: Foul Ball, location: 2F 0-1: Foul Ball, location: 2F 0-2: Ball 1-2: Strikes out swinging | Top of the 5th over - 0 runs, 1 hit, 0 errors, 1 left on base; Missouri 1 - Xavier 7 | BOTTOM OF THE 5TH |
---|
Xavier Musketeers batting - Pitching for Missouri Tigers : LHP Alfonso Cardenas | Batting: LHB Duncan Sharp | 0-0: Ball 1-0: Foul Ball, location: 2F 1-1: Swinging Strike 1-2: Strikes out swinging | Batting: RHB Albert Smedley | 0-0: Foul Ball, location: 2F 0-1: Swinging Strike 0-2: Ball 1-2: Ball 2-2: Ground out U3 (Groundball, 34) | Batting: LHB Johnny Beach | 0-0: Ball 1-0: Fly out, F4 (Popup, 34S) | Bottom of the 5th over - 0 runs, 0 hits, 0 errors, 0 left on base; Missouri 1 - Xavier 7 | TOP OF THE 6TH |
---|
Missouri Tigers batting - Pitching for Xavier Musketeers : RHP Harrison Dillon | Batting: SHB Brian Fish | 0-0: Ball 1-0: Ball 2-0: Ball 3-0: Base on Balls | Batting: SHB Marcos Cruz | 0-0: Ball 1-0: Ball 2-0: Swinging Strike 2-1: Ball 3-1: Base on Balls Brian Fish to second | Batting: RHB Chet Mitchell | 0-0: Grounds into double play, 5-4-3 (Groundball, 56) Brian Fish to third | Batting: RHB Jack Robinson | 0-0: Called Strike 0-1: SINGLE (Line Drive, 89S) Brian Fish scores | Batting: RHB Broderick Banks | 0-0: Ball 1-0: Ball 2-0: Ball 3-0: Base on Balls Jack Robinson to second | Batting: SHB David Castaneda | 0-0: 3-RUN HOME RUN (Flyball, 9LD), Distance : 363 ft | Pitching: RHP Javier Delgado | | Batting: LHB Julián Echevarría | 0-0: Ball 1-0: SOLO HOME RUN (Flyball, 9LD), Distance : 357 ft | Batting: RHB Beau McNeill | 0-0: Ball 1-0: Called Strike 1-1: Ground out 4-3 (Groundball, 4) | Top of the 6th over - 5 runs, 3 hits, 0 errors, 0 left on base; Missouri 6 - Xavier 7 | BOTTOM OF THE 6TH |
---|
Xavier Musketeers batting - Pitching for Missouri Tigers : LHP Alfonso Cardenas | Batting: LHB Jorge González | 0-0: Called Strike 0-1: Ball 1-1: Swinging Strike 1-2: Ball 2-2: Ball 3-2: Foul Ball, location: 2F 3-2: Foul Ball, location: 2F 3-2: Base on Balls | Batting: RHB Edmund Kline | 0-0: Ball 1-0: Ball 2-0: Ground out 5-3 (Groundball, 56S) Jorge González to second | Batting: SHB Orlando Lópes | 0-0: Intentional Walk | Batting: LHB Bobby Ryan | 0-0: Ball 1-0: Called Strike 1-1: Ball 2-1: Foul Ball, location: 2F 2-2: Strikes out swinging | Batting: RHB Floyd Reynolds | 0-0: Foul Ball, location: 2F 0-1: Ball 1-1: Called Strike 1-2: Strikes out looking | Bottom of the 6th over - 0 runs, 0 hits, 0 errors, 2 left on base; Missouri 6 - Xavier 7 | TOP OF THE 7TH |
---|
Missouri Tigers batting - Pitching for Xavier Musketeers : RHP Javier Delgado | Batting: RHB Harvey Willis | 0-0: Called Strike 0-1: Ball 1-1: Ball 2-1: Ball 3-1: Foul Ball, location: 2F 3-2: Base on Balls | Batting: SHB Brian Fish | 0-0: Called Strike 0-1: Fly out, F9 (Line Drive, 9) | Batting: SHB Marcos Cruz | 0-0: Foul Ball, location: 2F 0-1: Foul Ball, location: 2F 0-2: Strikes out swinging | Batting: RHB Chet Mitchell | 0-0: Swinging Strike 0-1: Swinging Strike 0-2: Ball 1-2: Strikes out swinging | Top of the 7th over - 0 runs, 0 hits, 0 errors, 1 left on base; Missouri 6 - Xavier 7 | BOTTOM OF THE 7TH |
---|
Xavier Musketeers batting - Pitching for Missouri Tigers : LHP Alfonso Cardenas | Batting: RHB Curt Lloyd | 0-0: Called Strike 0-1: Foul Ball, location: 2F 0-2: Ball 1-2: Ball 2-2: Foul Ball, location: 2F 2-2: Ball 3-2: Strikes out swinging | Batting: LHB Duncan Sharp | 0-0: Foul Ball, location: 2F 0-1: Ball 1-1: Foul Ball, location: 2F 1-2: Ball 2-2: Ball 3-2: Base on Balls | Pitching: LHP Larry Payne | | Batting: RHB Albert Smedley | 0-0: Ball 1-0: Called Strike 1-1: Swinging Strike 1-2: Strikes out swinging | Batting: LHB Johnny Beach | 0-0: Ball Wild Pitch! Duncan Sharp to second 1-0: Foul Ball, location: 2F 1-1: Ball 2-1: Ball 3-1: Base on Balls | Batting: LHB Jorge González | 0-0: Swinging Strike 0-1: Ball 1-1: Ball 2-1: Foul Ball, location: 2F 2-2: Ball 3-2: TRIPLE (Flyball, 8RXD) Duncan Sharp scores Johnny Beach scores | Batting: RHB Edmund Kline | 0-0: Ball Passed Ball! Jorge González scores 1-0: Swinging Strike 1-1: Ball 2-1: Ball 3-1: Foul Ball, location: 2F 3-2: Base on Balls | Pitching: LHP Harrison Hankins | | Batting: SHB Orlando Lópes | 0-0: Ground out 4-3 (Groundball, 4M) | Bottom of the 7th over - 3 runs, 1 hit, 0 errors, 1 left on base; Missouri 6 - Xavier 10 | TOP OF THE 8TH |
---|
Missouri Tigers batting - Pitching for Xavier Musketeers : RHP Javier Delgado | Batting: RHB Jack Robinson | 0-0: Ball 1-0: Called Strike 1-1: Ball 2-1: Swinging Strike 2-2: Foul Ball, location: 2F 2-2: Foul Ball, location: 2F 2-2: SINGLE (Groundball, 56D) | Batting: RHB Broderick Banks | 0-0: Ball 1-0: Ball 2-0: Called Strike 2-1: Ball 3-1: Base on Balls Jack Robinson to second | Batting: SHB David Castaneda | 0-0: Ball 1-0: Called Strike 1-1: Swinging Strike 1-2: Strikes out swinging | Batting: LHB Julián Echevarría | 0-0: Ball 1-0: Ball 2-0: Ball 3-0: Called Strike 3-1: Foul Ball, location: 2F 3-2: Fly out, F7 (Flyball, 7LM) | Batting: RHB Beau McNeill | 0-0: SINGLE (Line Drive, 34) Jack Robinson to third Broderick Banks to second | Batting: RHB Harvey Willis | 0-0: Fly out, F9 (Line Drive, 9) | Top of the 8th over - 0 runs, 2 hits, 0 errors, 3 left on base; Missouri 6 - Xavier 10 | BOTTOM OF THE 8TH |
---|
Xavier Musketeers batting - Pitching for Missouri Tigers : LHP Harrison Hankins | Batting: LHB Bobby Ryan | 0-0: Foul Ball, location: 2F 0-1: Swinging Strike 0-2: Strikes out looking | Batting: RHB Floyd Reynolds | 0-0: Called Strike 0-1: SINGLE (Line Drive, 4M) | Batting: RHB Curt Lloyd | 0-0: Foul Ball, location: 2F 0-1: Ball 1-1: Swinging Strike 1-2: Ball 2-2: Foul Ball, location: 2F 2-2: Foul Ball, location: 2F 2-2: DOUBLE (Line Drive, 8LD) Floyd Reynolds to third Runner from 3rd tries for Home, SAFE, no throw | Batting: LHB Duncan Sharp | 0-0: Called Strike 0-1: SINGLE (Groundball, 56D) Curt Lloyd to third | Batting: RHB Albert Smedley | 0-0: Called Strike 0-1: Called Strike 0-2: Foul Ball, location: 2F 0-2: Fielders Choice at 2nd, 6-4 (Groundball, 6) Curt Lloyd scores | Batting: LHB Johnny Beach | 0-0: Foul Ball, location: 2F 0-1: Ball 1-1: Foul Ball, location: 2F 1-2: Ball 2-2: Foul Ball, location: 2F 2-2: Foul Ball, location: 2F Balk! Albert Smedley to second 2-2: Ball 3-2: Base on Balls | Batting: LHB Jorge González | 0-0: Ball 1-0: Ball 2-0: Ball 3-0: Base on Balls Albert Smedley to third Johnny Beach to second | Batting: RHB Edmund Kline | 0-0: Ball 1-0: Foul Ball, location: 2F 1-1: Foul Ball, location: 2F 1-2: Strikes out swinging | Bottom of the 8th over - 2 runs, 3 hits, 0 errors, 3 left on base; Missouri 6 - Xavier 12 | TOP OF THE 9TH |
---|
Missouri Tigers batting - Pitching for Xavier Musketeers : RHP Javier Delgado | Batting: SHB Brian Fish | 0-0: Ball 1-0: Ball 2-0: Ball 3-0: Base on Balls | Batting: SHB Marcos Cruz | 0-0: Swinging Strike 0-1: Called Strike 0-2: Ball 1-2: Ball 2-2: Fly out, F7 (Flyball, 78D) | Batting: RHB Chet Mitchell | 0-0: Ball 1-0: SINGLE (Line Drive, 56) Brian Fish to second | Pitching: RHP Terry Gray | | Batting: RHB Jack Robinson | 0-0: SINGLE (Groundball, 56D) Brian Fish to third Chet Mitchell to second | Batting: RHB Broderick Banks | 0-0: Ball 1-0: Ball 2-0: Called Strike 2-1: Ball 3-1: Base on Balls Brian Fish scores Chet Mitchell to third Jack Robinson to second | Pitching: RHP Júlio Rodríguez | | Batting: SHB David Castaneda | 0-0: Ball 1-0: Fly out, F9 (Flyball, 9) Runner from 3rd tags up, SCORES, no throw | Batting: LHB Julián Echevarría | 0-0: Ball 1-0: Called Strike 1-1: Ball 2-1: Called Strike 2-2: Foul Ball, location: 2F 2-2: Ball 3-2: Strikes out swinging | Top of the 9th over - 2 runs, 2 hits, 0 errors, 2 left on base; Missouri 8 - Xavier 12 | |